AoeStats
← Bonea

Hill Fort

506640073Analyzed
4v4 RM · 16d ago on Sep 14, 2026· 45m 10s· 8 players
Game mode
Random Map
Map size
Large (8 player)
Population
200
Speed
Normal
Resources
Standard
Victory
Conquest
Starting age
Dark Age
Ending age
Imperial Age
RankedLock teamsTeams togetherTeam positionsShared explorationLock speedFull tech treeHidden civsTurbo modeCheats
Victory
Defeat
🇨🇳 Wu · China
1285
+15
🇨🇳 Bohemians · China
1263
+16
🇨🇳 Hindustanis · China
1254
+17
🇨🇳 Spanish · China
1242
+17
🇨🇳 Koreans · China
1291
-17
🇨🇳 Khmer · China
1290
-17
🇦🇺 Burmese · Australia
1285
-17
🇹🇼 Franks · Taiwan
1210
-14
2265138721
10:04 Feudal Age
14:16 Castle Age
13:00 Double-Bit Axe
19:02 Loom
19:50 Bow Saw
22:32 Fletching
24:44 Wheelbarrow
26:14 Bodkin Arrow
26:36 Hand Cart
31:46 Imperial Age
29:15 Horse Collar
31:12 Heavy Plow
33:47 Chemistry
34:40 Two-Man Saw
33:44 Treadmill Crane
34:11 Scale Mail Armor
34:23 Forging
35:07 Bombard Tower
35:34 Bracer
37:35 Chain Mail Armor
37:55 Iron Casting
36:48 Pikeman
40:04 Plate Mail Armor
40:35 Blast Furnace
39:31 Halberdier
40:51 Caravan
41:19 Padded Archer Armor
41:47 Squires
43:36 Leather Archer Armor
42:55 Houfnice
muui
10:19 Feudal Age
10:56 Feudal Age
10:25 Loom
11:40 Horse Collar
11:47 Double-Bit Axe
17:41 Castle Age
16:48 Town Watch
17:41 Wheelbarrow
19:09 Bow Saw
23:04 Heavy Plow
23:37 Gold Mining
31:27 Imperial Age
29:14 Hand Cart
28:55 Stone Mining
29:48 Gold Shaft Mining
29:33 Town Patrol
29:22 Pikeman
30:55 Scale Mail Armor
30:57 Padded Archer Armor
30:47 Fletching
31:41 Squires
31:27 Arson
32:30 Chain Mail Armor
32:17 Treadmill Crane
32:59 Ballistics
32:57 Masonry
34:00 Halberdier
36:53 Chemistry
36:23 Architecture
36:18 Conscription
37:02 Forging
43:27 Plate Mail Armor
43:32 Iron Casting
42:35 Elite Fire Archer
44:50 Red Cliffs Tactics
mipolin
10:11 Feudal Age
13:54 Castle Age
13:07 Double-Bit Axe
13:42 Horse Collar
17:55 Bow Saw
20:32 Stone Mining
22:46 Wheelbarrow
22:16 Heavy Plow
22:05 Loom
22:10 Town Watch
23:46 Hand Cart
26:28 Husbandry
26:38 Bloodlines
26:50 Gold Mining
30:50 Imperial Age
29:03 Scale Barding Armor
29:09 Forging
28:29 Light Cavalry
29:26 Grand Trunk Road
31:19 Gold Shaft Mining
31:12 Chain Barding Armor
31:39 Iron Casting
31:12 Hussar
32:51 Plate Barding Armor
31:38 Heavy Camel Rider
34:08 Blast Furnace
34:36 Imperial Camel Rider
41:38 Caravan
Eleangt
9:23 Loom
12:32 Feudal Age
11:57 Loom
16:53 Castle Age
15:12 Double-Bit Axe
15:34 Horse Collar
17:41 Heavy Plow
17:52 Bow Saw
19:38 Bloodlines
21:17 Husbandry
21:49 Padded Archer Armor
24:54 Leather Archer Armor
27:15 Town Watch
28:06 Wheelbarrow
30:13 Gold Mining
30:45 Fletching
34:32 Hand Cart
36:17 Hand Cart
36:18 Stone Mining
36:49 Light Cavalry
38:00 Bodkin Arrow
41:47 Imperial Age
39:58 Scale Barding Armor
40:03 Forging
41:49 Chain Barding Armor
41:29 Scale Mail Armor
41:03 Pikeman
41:43 Squires
41:50 Hussar
43:05 Plate Barding Armor
42:40 Bracer
43:51 Iron Casting
44:14 Block Printing
45:51 Two-Man Saw
46:19 Chemistry
DreamStolen
10:48 Feudal Age
13:05 Loom
16:38 Castle Age
14:49 Horse Collar
17:56 Heavy Plow
20:43 Wheelbarrow
21:11 Bloodlines
21:51 Wheelbarrow
25:16 Scale Barding Armor
26:52 Hand Cart
28:07 Chain Barding Armor
31:57 Imperial Age
30:12 Bloodlines
31:41 Light Cavalry
32:21 Husbandry
33:37 Plate Barding Armor
33:13 Forging
33:50 Manipur Cavalry
34:12 Conscription
39:09 Hussar
40:00 Pikeman
40:49 Scale Mail Armor
41:25 Iron Casting
40:33 Halberdier
41:16 Squires
TTAITAI
10:18 Feudal Age
10:45 Double-Bit Axe
18:09 Castle Age
19:03 Bow Saw
20:42 Wheelbarrow
19:52 Loom
26:48 Imperial Age
24:42 Hand Cart
24:57 Husbandry
25:25 Scale Barding Armor
26:27 Forging
27:23 Chain Barding Armor
28:44 Iron Casting
28:40 Cavalier
31:45 Conscription
35:21 Plate Barding Armor
35:47 Blast Furnace
34:45 Light Cavalry
37:28 Blast Furnace
37:13 Paladin
39:40 Chivalry
psrycc
0:30 Loom
12:06 Feudal Age
16:44 Castle Age
14:57 Double-Bit Axe
15:43 Stone Mining
15:38 Horse Collar
17:42 Fletching
18:09 Bow Saw
18:03 Gold Mining
18:42 Heavy Plow
22:09 Wheelbarrow
23:54 Bodkin Arrow
25:26 Hand Cart
28:24 Ballistics
33:28 Imperial Age
33:03 Stone Shaft Mining
34:43 Conscription
34:07 Pikeman
34:35 Gambesons
34:53 Squires
37:57 Chemistry
36:41 Halberdier
40:59 Scale Mail Armor
41:11 Forging
43:40 Chemistry
Bonea
11:18 Feudal Age
11:47 Loom
15:12 Castle Age
13:01 Horse Collar
13:47 Double-Bit Axe
16:56 Bow Saw
17:30 Wheelbarrow
22:11 Stone Mining
22:11 Gold Mining
23:07 Fletching
30:51 Imperial Age
30:44 Ballistics
30:55 Padded Archer Armor
31:48 Scale Barding Armor
32:08 Conscription
31:11 Elite Ballista Elephant
32:45 Coinage
33:27 Hand Cart
33:33 Chain Barding Armor
34:21 Forging
35:42 Chemistry
36:23 Plate Barding Armor
35:57 Double Crossbow
37:22 Plate Barding Armor
42:00 Capped Ram
44:19 Gold Shaft Mining
Connection lost

Rejoining the realm…

Still unreachable

The connection could not be restored.

Session expired

The server has moved on; the page needs a fresh start.